 Dungeon Crawl Stone Soup version 0.22.1-1-ga44c0e5 (webtiles) character file.

2251 delarado the Arsonist (level 9, 0/45 HPs)
             Began as a Deep Elf Fire Elementalist on Nov 7, 2018.
             Slain by a gnoll
             ... wielding a cursed -1 halberd
              (9 damage)
             ... on level 7 of the Dungeon.
             The game lasted 00:37:46 (9601 turns).

delarado the Arsonist (Deep Elf Fire Elementalist)  Turns: 9601, Time: 00:37:47

Health: 0/45       AC:  5    Str:  5    XL:     9   Next: 15%
Magic:  7/21       EV: 13    Int: 24    God:
Gold:   417        SH:  0    Dex: 15    Spells: 7/21 levels left

rFire    . . .     SeeInvis +   b - +2 dagger (drain)
rCold    . . .     Gourm    .   (no shield)
rNeg     . . .     Faith    .   a - +0 robe
rPois    .         Spirit   .   (no helmet)
rElec    .         Reflect  .   f - +0 cloak
rCorr    .         Harm     .   (no gloves)
MR       .....                  (no boots)
Stlth    ++........             (no amulet)
HPRegen  0.15/turn              B - ring of see invisible
MPRegen  0.17/turn              (no ring)

@: no status effects
A: yellow scales 1, blurry vision 1
a: no special abilities


You were on level 7 of the Dungeon.
You were hungry.

You visited 2 branches of the dungeon, and saw 8 of its levels.

You collected 417 gold pieces.

Inventory:

Hand Weapons
 b - a +2 dagger of draining (weapon)
 g - a +2 short sword of flaming
 h - a +0 hunting sling
 t - a +0 dagger of speed
Missiles
 d - 168 stones
 p - 3 javelins (quivered)
 q - 50 sling bullets
 y - 2 throwing nets
Armour
 a - a +0 robe (worn)
 f - a +0 cloak (worn)
Jewellery
 B - a ring of see invisible (left hand)
 C - an uncursed ring of positive energy {unknown}
Wands
 v - a wand of acid (11)
 w - a wand of iceblast (8)
 z - a wand of enslavement (18)
Scrolls
 i - 9 scrolls of teleportation
 m - 3 scrolls of remove curse
 n - 5 scrolls of identify
 o - a scroll of magic mapping {unknown}
 u - a scroll of enchant weapon
 A - a scroll of amnesia
Potions
 e - 3 potions of heal wounds
 j - 6 potions of curing
 k - a potion of lignification
 l - a potion of flight
 r - a potion of invisibility
 s - a potion of ambrosia {unknown}
 x - a potion of might
Comestibles
 c - 15 rations


   Skills:
 - Level 2.4 Dodging
 - Level 2.4 Stealth
 + Level 6.9 Spellcasting
 * Level 8.3 Conjurations
 - Level 3.0 Charms
 * Level 9.0 Fire Magic
 - Level 2.0 Air Magic


You had 7 spell levels left.
You knew the following spells:

 Your Spells              Type           Power        Failure   Level  Hunger
a - Flame Tongue          Conj/Fire      #####        1%          1    None
b - Throw Flame           Conj/Fire      #####.       1%          2    None
c - Sticky Flame          Conj/Fire      #####...     1%          4    ###....
d - Swiftness             Chrm/Air       ###.....     3%          2    None
e - Fireball              Conj/Fire      #####.....   6%          5    #####..

Your spell library contained the following spells:

 Spells                   Type           Power        Failure   Level  Hunger
 Shock                    Conj/Air       ####         1%          1    None
 Conjure Flame            Conj/Fire      #####...     1%          3    None
 Static Discharge         Conj/Air       ####....     2%          3    None
 Inner Flame              Hex/Fire       ####....     3%          3    None
 Sublimation of Blood     Necr           #.........   11%         2    None
 Lightning Bolt           Conj/Air       ####......   24%         5    #####..
 Airstrike                Air            ###.......   30%         4    ###....


Dungeon Overview and Level Annotations

Branches:
Dungeon (7/15)             Temple (1/1) D:7

Altars:
Ashenzari
Cheibriados
Dithmenos
Elyvilon
Fedhas
Gozag
Hepliaklqana
Kikubaaqudgha
Makhleb
Nemelex Xobeh
Okawaru
Qazlal
Ru
Sif Muna
Trog
Uskayaw
Vehumet
Xom
Yredelemnul
Zin
The Shining One

Shops:
D:5 %

Annotations:
D:6 Sigmund
D:7 exclusion: upstairs


Innate Abilities, Weirdness & Mutations

You are partially covered in yellow scales. (AC +2)
Scrolls take you a little longer to read.


Message History

The ogre hits you with a giant club!!
You hear a shout!
The ogre burns!
A gnoll comes into view. It is wielding an enchanted halberd.
A gnoll shaman comes into view. It is wielding a club.
The ogre burns!
The gnoll shaman drinks a potion.
The gnoll shaman flickers and vanishes for a moment.
The gnoll barely misses you.
There is an open door here.
The ogre burns!
The ogre burns!
The ogre hits you with a giant club!!
* * * LOW HITPOINT WARNING * * *
The ogre burns!
You kill the ogre!
Your Fire Magic skill increases to level 9!
There is an open door here.
There is an open door here.
A gnoll opens the door.
The gnoll hits you from afar with an enchanted halberd!
You die...

......####<...#######+#........##
..######.####..................#
#.##........#..................#
._≈##.......'..................#
.≈_^#######'#..................#
≈._#_####...###.......##########
.....#........#.......#
._§_#......)..g.......+
♣§♣.♣#.#####'##.@.....#
.#^..#.#........<.....#
♣.^≈##.+.......#+####...
.♣♣###+#.......# ..
#^##...........# .
........######## ...#
........#.....# ...######
........'.....## #......#
........#......+ +......+


You could see a gnoll.

Vanquished Creatures
  A hippogriff (D:7)
  Edmund (D:6)
  An ice beast (D:6)
  A sky beast (D:6)
  A centaur (D:6)
  2 ogres (D:7)
  4 bullfrogs (D:6)
  A water moccasin zombie (D:5)
  A water moccasin skeleton (D:6)
  A scorpion (D:7)
  3 wights (D:7)
  A hound (D:6)
  5 orc priests
  A gnoll shaman (D:6)
  Jessica (D:3)
  3 iguanas
  7 orc wizards
  4 worker ants
  A hound zombie (D:2)
  A hound skeleton (D:7)
  A howler monkey zombie (D:5)
  14 gnolls
  8 adders
  3 oozes
  An adder skeleton (D:6)
  3 worms
  4 dart slugs
  4 leopard geckos
  24 orcs
  5 giant cockroaches
  9 goblins
  13 hobgoblins
  10 jackals
  2 quokkas (D:3)
  2 ball pythons
  3 bats
  6 frilled lizards
  7 kobolds
  3 quokka skeletons
  12 rats
175 creatures vanquished.

Notes
Turn   | Place    | Note
-------+----------+-------------------------------------------
     0 | D:1      | delarado the Deep Elf Fire Elementalist began the quest for
                  | the Orb.
     0 | D:1      | Reached XP level 1. HP: 10/10 MP: 6/6
   314 | D:1      | Reached XP level 2. HP: 15/15 MP: 2/8
   516 | D:1      | Learned a level 2 spell: Throw Flame
  1269 | D:2      | Reached skill level 4 in Fire Magic
  1353 | D:2      | Reached XP level 3. HP: 19/19 MP: 0/9
  1581 | D:2      | Found a hide-covered altar of Uskayaw.
  1830 | D:2      | Reached XP level 4. HP: 24/24 MP: 1/10
  2995 | D:3      | Reached skill level 5 in Fire Magic
  2995 | D:3      | Reached XP level 5. HP: 28/28 MP: 0/11
  3477 | D:3      | Noticed Jessica
  3485 | D:3      | Killed Jessica
  3557 | D:3      | Identified Jessica's Disquisition on Unholy Magic
  4061 | D:4      | Found a sacrificial altar of Ru.
  4302 | D:4      | Reached XP level 6. HP: 18/32 MP: 8/13
  5141 | D:4      | Reached skill level 5 in Conjurations
  5141 | D:4      | Reached skill level 6 in Fire Magic
  5977 | D:5      | Entered Level 5 of the Dungeon
  6067 | D:5      | Reached XP level 7. HP: 23/36 MP: 9/15
  6110 | D:5      | Learned a level 4 spell: Sticky Flame
  6207 | D:5      | Found an opulent altar of Gozag.
  6344 | D:5      | Found a shadowy altar of Dithmenos.
  6399 | D:5      | Learned a level 2 spell: Swiftness
  6409 | D:5      | Found Keotzy's Food Shop.
  6813 | D:5      | Reached skill level 1 in Charms
  6856 | D:5      | Found a basalt altar of Yredelemnul.
  7118 | D:5      | Gained mutation: Scrolls take you a little longer to read.
                  | [potion of mutation]
  7118 | D:5      | Gained mutation: You are partially covered in yellow
                  | scales. (AC +2) [potion of mutation]
  7404 | D:6      | Found a radiant altar of Vehumet.
  7609 | D:6      | Reached skill level 5 in Spellcasting
  7846 | D:6      | Reached skill level 7 in Fire Magic
  7855 | D:6      | Noticed Sigmund
  7949 | D:6      | Noticed Edmund
  7961 | D:6      | Killed Edmund
  7961 | D:6      | Reached skill level 1 in Air Magic
  7961 | D:6      | Reached XP level 8. HP: 34/41 MP: 1/17
  8523 | D:6      | Learned a level 5 spell: Fireball
  8589 | D:6      | Reached skill level 8 in Fire Magic
  8971 | D:7      | Found a staircase to the Ecumenical Temple.
  8980 | Temple   | Entered the Ecumenical Temple
  9194 | D:7      | Noticed a hippogriff
  9205 | D:7      | Killed a hippogriff
  9205 | D:7      | Reached XP level 9. HP: 45/45 MP: 3/21
  9453 | D:7      | Found a shimmering altar of Xom.
  9455 | D:7      | Found a shimmering altar of Xom.
  9456 | D:7      | Found a shimmering altar of Xom.
  9457 | D:7      | Found a shimmering altar of Xom.
  9457 | D:7      | Found a shimmering altar of Xom.
  9458 | D:7      | Found a shimmering altar of Xom.
  9458 | D:7      | Found a shimmering altar of Xom.
  9593 | D:7      | Reached skill level 9 in Fire Magic
  9601 | D:7      | Slain by a gnoll

Skill      XL: |  1  2  3  4  5  6  7  8  9 |
---------------+----------------------------+-----
Conjurations   | 2 3 4 5 6 8 |  8.3
Fire Magic     | 4 5 6 7 8 9 |  9.0
Spellcasting   | 4 5 6 |  6.9
Charms         | 3 |  3.0
Air Magic      | 1 2 |  2.0
Dodging        | |  2.4
Stealth        | |  2.4

Action                   |  1- 3 |  4- 6 |  7- 9 || total
-------------------------+-------+-------+-------++-------
Melee: Dagger            |    12 |    28 |   105 ||   145
Throw: Stone             |    24 |     2 |       ||    26
       Javelin           |       |     4 |     5 ||     9
 Cast: Flame Tongue      |    18 |    11 |     2 ||    31
       Throw Flame       |    33 |   124 |   117 ||   274
       Sticky Flame      |       |       |    16 ||    16
       Fireball          |       |       |     4 ||     4
  Use: Potion            |     5 |       |     1 ||     6
       Scroll            |     3 |     4 |     3 ||    10
  Eat: Chunk             |     4 |    16 |    13 ||    33
Armor: Robe              |       |     9 |    24 ||    33
Dodge: Dodged            |    10 |    21 |    72 ||   103
